 Dungeon Crawl Stone Soup version 0.16.2-3-ga078185 (webtiles) character file.

99 Genodice the Changer (level 4, -8/38 HPs)
             Began as a Naga Transmuter on Sept 7, 2015.
             Killed by divine providence
             ... invoked by an orc priest
              (17 damage)
             ... on level 3 of the Dungeon.
             The game lasted 00:17:59 (3058 turns).

Genodice the Changer (Naga Transmuter)              Turns: 3058, Time: 00:18:00

Health: -8/38      AC:  2    Str: 13    XL:     4   Next: 72%
Magic:  4/7        EV: 19    Int: 14    God:
Gold:   74         SH:  0    Dex: 16    Spells: 3 memorised, 1 level left

rFire  . . .     SeeInvis +       - Unarmed
rCold  . . .     Clarity  .     c - melded +0 robe
rNeg   . . .     SustAb   .     (shield currently unavailable)
rPois  x         Gourm    .     (helmet currently unavailable)
rElec  .         Spirit   .     (cloak currently unavailable)
rCorr  .         Warding  .     (gloves currently unavailable)
rMut   .         Stasis   .     (no barding)
MR     .....                    (no amulet)
Stlth  +.........               (no ring)
                                (no ring)

@: spider-form, not resistant to hostile enchantments, very unstealthy
A: spit poison, see invisible, (deformed body), (poison resistance), (slowness
0), AC +1
a: Spit Poison, End Transformation


You were on level 3 of the Dungeon.
You were hungry.
You were a venomous arachnid creature.
You visited 1 branch of the dungeon, and saw 3 of its levels.

You collected 74 gold pieces.

Inventory:

Hand weapons
 f - a +0 dagger
 j - a +0 hand axe
 w - a +2 short sword of speed
 C - a +0 long sword
Missiles
 b - 10 arrows
 e - 33 stones (quivered)
 l - 77 sling bullets
 s - 16 bolts
Armour
 c - a +0 robe (melded)
 n - a +0 leather armour
 y - a +0 ring mail
Jewellery
 a - an uncursed amulet of stasis {unknown}
 t - a +6 ring of dexterity {unknown}
Scrolls
 g - 2 scrolls of noise
 h - 2 scrolls of immolation
 i - 3 scrolls of fog
 k - 2 scrolls of enchant armour {unknown}
 m - a scroll of amnesia {unknown}
 o - 2 scrolls of recharging {unknown}
 v - a scroll of remove curse {unknown}
 B - a scroll of magic mapping {unknown}
Potions
 p - a potion of invisibility {unknown}
 q - a potion of curing {unknown}
 u - a potion of brilliance {unknown}
 x - a potion of degeneration {unknown}
 z - a potion of poison {unknown}
Books
 d - a book of Changes

   Spells                             Type                      Level
   a - Beastly Appendage              Transmutation                1
   b - Sticks to Snakes               Transmutation                2
   c - Spider Form                    Transmutation/Poison         3
   d - Ice Form                       Ice/Transmutation            4
   e - Blade Hands                    Transmutation                5
Comestibles
 r - a slice of pizza
 A - a chunk of flesh


   Skills:
 - Level 1.0 Fighting
 - Level 1.5 Dodging
 - Level 3.0 Unarmed Combat
 - Level 2.0 Spellcasting
 + Level 4.7 Transmutations


You had one spell level left.
You knew the following spells:

 Your Spells              Type           Power        Failure   Level  Hunger
a - Beastly Appendage     Trmt           ##....       12%         1    ##.....
b - Sticks to Snakes      Trmt           ##........   17%         2    ###....
c - Spider Form           Trmt/Pois      #.........   52%         3    ####...


Dungeon Overview and Level Annotations

Branches:
Dungeon (3/15)

Altars:
Kikubaaqudgha


Innate Abilities, Weirdness & Mutations

You cannot wear boots.
You can spit poison.
((Your serpentine skin is tough (AC +1).))
You have supernaturally acute eyesight.
((Armour fits poorly on your strangely shaped body.))
((Your system is resistant to poisons.))
((You cover ground very slowly.))


Message History

An orc comes into view. It is wielding a falchion.
There is a stone staircase leading up here.
The orc priest hits you.
An orc comes into view. It is wielding a trident.
You hit the orc priest.
The orc priest is lightly wounded.
You hit the orc priest but do no damage.
The orc priest is lightly wounded.
The orc priest barely misses you. The orc barely misses you.
You hit the orc priest.
The orc priest is poisoned.
The orc priest is heavily wounded.
The orc priest mumbles some strange prayers to Beogh against you.
Something smites you!
An orc priest comes into view. It is wielding a club.
The orc priest shouts!
The orc hits you from afar with a trident.
* * * LOW HITPOINT WARNING * * *
The orc priest invokes the aid of Beogh against you.
Something smites you!
You die...

#### ...## o...
#..# ### ###o.#...
...##.#.#oo#.#.##.
........s.........
#..##.#.#<.#......
...#..# ...
#.#.#).# .
.......... ...
....#.... .
............
........#.#
..#......#.


You could see an orc priest and 2 orcs.

Vanquished Creatures
  3 adders (D:2)
  A giant mite (D:2)
  2 worms (D:2)
  5 giant geckos (D:2)
  A ball python (D:1)
  4 bats
  A giant cockroach (D:1)
  5 hobgoblins
  5 jackals
  2 quokkas (D:2)
  6 goblins
  4 kobolds
  6 rats
45 creatures vanquished.

Vanquished Creatures (collateral kills)
  2 jackals (D:1)
2 creatures vanquished.

Grand Total: 47 creatures vanquished

Notes
Turn   | Place    | Note
--------------------------------------------------------------
     0 | D:1      | Genodice, the Naga Transmuter, began the quest for the Orb.
     0 | D:1      | Reached XP level 1. HP: 18/18 MP: 3/3
   463 | D:1      | Reached XP level 2. HP: 22/25 MP: 2/4
   467 | D:1      | Learned a level 2 spell: Sticks to Snakes
  1440 | D:2      | Reached XP level 3. HP: 31/31 MP: 4/6
  1445 | D:2      | Learned a level 3 spell: Spider Form
  1939 | D:2      | Reached skill level 4 in Transmutations
  1949 | D:2      | Reached XP level 4. HP: 31/38 MP: 1/7
  2790 | D:2      | Found an ancient bone altar of Kikubaaqudgha.
  3058 | D:3      | Killed from afar by an orc priest

Action                   |  1- 3 |  4- 6 || total
-------------------------+-------+-------++-------
Melee: Unarmed           |   100 |    71 ||   171
 Cast: Beastly Appendage |     7 |     2 ||     9
       Sticks to Snakes  |     2 |       ||     2
       Spider Form       |     7 |     3 ||    10
  Use: Scroll            |     3 |       ||     3
  Eat: Bread ration      |     1 |       ||     1
       Chunk             |       |     4 ||     4
